TOP OF THE 1ST |
Auburn Doubledays batting - Pitching for Boise Hawks : RHP Diego Arredondo
|
Pitching: RHP Diego Arredondo
|
|
Batting: SHB Dan Castaneda
|
0-0: Swinging Strike 0-1: Fly out, F8 (Line Drive, 8LM, EV 91.2 MPH)
|
Batting: LHB Elias Posada
|
0-0: Ball 1-0: SINGLE (Line Drive, 7LM, EV 95.0 MPH)
|
Batting: SHB Gabe Fraunfelder
|
0-0: Foul Ball, location: 2F 0-1: Called Strike 0-2: Strikes out swinging
|
Batting: RHB Slavik Nebrodov
|
0-0: Called Strike 0-1: Ball 1-1: Ball 2-1: Swinging Strike 2-2: Foul Ball, location: 2F 2-2: Ball 3-2: Base on Balls Elias Posada to second
|
Batting: LHB Mike Condon
|
0-0: Called Strike 0-1: Foul Ball, location: 2F 0-2: Ground out 5-3 (Groundball, 56S, EV 86.2 MPH)
|
Top of the 1st over - 0 runs, 1 hit, 0 errors, 2 left on base; Auburn 0 - Boise 0 |
BOTTOM OF THE 1ST |
Boise Hawks batting - Pitching for Auburn Doubledays : RHP Chris Bonham
|
Pitching: RHP Chris Bonham
|
|
Batting: RHB Ryan Rinaldi
|
0-0: Swinging Strike 0-1: Ball 1-1: Swinging Strike 1-2: Ball 2-2: Ball 3-2: Ground out U3 (Groundball, 3, EV 86.2 MPH)
|
Batting: LHB Zack Guillen
|
0-0: Called Strike 0-1: Ball 1-1: Called Strike 1-2: Ball 2-2: Ball 3-2: Fly out, F9 (Line Drive, 9, EV 98.8 MPH)
|
Batting: LHB Bill McGregor
|
0-0: Called Strike 0-1: Ball 1-1: Ball 2-1: Foul Ball, location: 2F 2-2: DOUBLE (Groundball, 5L, EV 105.6 MPH)
|
Batting: RHB Henry Alvizo
|
0-0: Ball 1-0: Hit by Pitch
|
Batting: LHB Glenn Lowther
|
0-0: Foul Ball, location: 2F 0-1: Ball 1-1: SINGLE (Groundball, 4MD, EV 79.4 MPH) (infield hit) Bill McGregor to third Henry Alvizo to second
|
Batting: RHB John Boyer
|
0-0: Ball 1-0: Fly out, F8 (Flyball, 8RD, EV 107.5 MPH)
|
Bottom of the 1st over - 0 runs, 2 hits, 0 errors, 3 left on base; Auburn 0 - Boise 0 |
TOP OF THE 2ND |
Auburn Doubledays batting - Pitching for Boise Hawks : RHP Diego Arredondo
|
Batting: RHB Bryan Ernst
|
0-0: Ball 1-0: Called Strike 1-1: Ball 2-1: Ball 3-1: Swinging Strike 3-2: Foul Ball, location: 2F 3-2: Base on Balls
|
Batting: RHB Jon Hill
|
0-0: Ball Bryan Ernst is caught stealing 2nd base 2-4 1-0: Ball 2-0: Ball 3-0: Called Strike 3-1: Fly out, F6 (Flyball, 56D, EV 81.2 MPH)
|
Pitching: RHP Joe Goodale
|
|
Batting: RHB Isaiah Seme
|
0-0: Ground out 4-3 (Groundball, 4, EV 81.2 MPH)
|
Top of the 2nd over - 0 runs, 0 hits, 0 errors, 0 left on base; Auburn 0 - Boise 0 |
BOTTOM OF THE 2ND |
Boise Hawks batting - Pitching for Auburn Doubledays : RHP Chris Bonham
|
Batting: LHB Zane Kelton
|
0-0: SINGLE (Groundball, 4MS, EV 72.5 MPH) (infield hit)
|
Batting: RHB Keith Giarratano
|
0-0: Ball 1-0: SINGLE (Groundball, 6S, EV 64.4 MPH) (infield hit) Zane Kelton to second
|
Batting: RHB Matt Cone
|
0-0: Foul Ball, location: 2F 0-1: Ball 1-1: Grounds into double play, 6-4-3 (Groundball, 6, EV 82.5 MPH) Zane Kelton to third
|
Batting: RHB Ryan Rinaldi
|
0-0: Swinging Strike 0-1: Ball 1-1: Swinging Strike 1-2: Ball 2-2: Ball 3-2: Base on Balls
|
Batting: LHB Zack Guillen
|
0-0: Ball 1-0: Ball 2-0: Ball 3-0: Base on Balls Ryan Rinaldi to second
|
Batting: LHB Bill McGregor
|
0-0: Called Strike 0-1: Foul Ball, location: 2F 0-2: Ground out 3-1 (Groundball, 34, EV 98.8 MPH)
|
Bottom of the 2nd over - 0 runs, 2 hits, 0 errors, 3 left on base; Auburn 0 - Boise 0 |
TOP OF THE 3RD |
Auburn Doubledays batting - Pitching for Boise Hawks : RHP Joe Goodale
|
Pinch Hitting: RHB Ryan Hiemer
|
0-0: Called Strike 0-1: Ball 1-1: Foul Ball, location: 2F 1-2: DOUBLE (Flyball, 89XD, EV 104.4 MPH)
|
Batting: SHB Dan Castaneda
|
0-0: Called Strike 0-1: Swinging Strike 0-2: Foul Ball, location: 2F 0-2: Ball 1-2: Strikes out swinging
|
Batting: LHB Elias Posada
|
0-0: Called Strike Ryan Hiemer steals 3rd base 0-1: Swinging Strike 0-2: Fly out, F8 (Flyball, 8LXD, EV 100.6 MPH) Runner from 3rd tags up, SCORES, no throw by CF
|
Batting: SHB Gabe Fraunfelder
|
0-0: Ball 1-0: Foul Ball, location: 2F 1-1: Foul Ball, location: 2F 1-2: Ball 2-2: Strikes out swinging
|
Top of the 3rd over - 1 run, 1 hit, 0 errors, 0 left on base; Auburn 1 - Boise 0 |
BOTTOM OF THE 3RD |
Boise Hawks batting - Pitching for Auburn Doubledays : RHP Chris Bonham
|
Now at SS: Ryan Hiemer
|
|
Batting: RHB Henry Alvizo
|
0-0: Called Strike 0-1: Ball 1-1: Ground out 6-3 (Groundball, 6, EV 86.2 MPH)
|
Batting: LHB Glenn Lowther
|
0-0: Foul Ball, location: 2F 0-1: Fly out, F8 (Flyball, 8LD, EV 94.4 MPH)
|
Batting: RHB John Boyer
|
0-0: Ball 1-0: Ball 2-0: Called Strike 2-1: Called Strike 2-2: Foul Ball, location: 2F 2-2: Ground out 5-3 (Groundball, 5, EV 105.6 MPH)
|
Bottom of the 3rd over - 0 runs, 0 hits, 0 errors, 0 left on base; Auburn 1 - Boise 0 |
TOP OF THE 4TH |
Auburn Doubledays batting - Pitching for Boise Hawks : RHP Joe Goodale
|
Batting: RHB Slavik Nebrodov
|
0-0: Foul Ball, location: 2F 0-1: Fly out, F2 (Popup, 2R, EV 96.9 MPH)
|
Batting: LHB Mike Condon
|
0-0: Ball 1-0: DOUBLE (Line Drive, 7LD, EV 108.8 MPH)
|
Batting: RHB Bryan Ernst
|
0-0: Ball 1-0: Ball Mike Condon steals 3rd base 2-0: Called Strike 2-1: Swinging Strike 2-2: Strikes out swinging
|
Batting: RHB Jon Hill
|
0-0: Ball 1-0: Swinging Strike 1-1: Foul Ball, location: 2F 1-2: Hit by Pitch
|
Batting: RHB Isaiah Seme
|
0-0: Called Strike 0-1: Swinging Strike 0-2: Foul Ball, location: 2F 0-2: Ground out 5-3 (Groundball, 5S, EV 94.4 MPH)
|
Top of the 4th over - 0 runs, 1 hit, 0 errors, 2 left on base; Auburn 1 - Boise 0 |
BOTTOM OF THE 4TH |
Boise Hawks batting - Pitching for Auburn Doubledays : RHP Chris Bonham
|
Batting: LHB Zane Kelton
|
0-0: Ball 1-0: Fly out, F3 (Popup, 3F, EV 75.6 MPH)
|
Batting: RHB Keith Giarratano
|
0-0: Called Strike 0-1: Ball 1-1: Called Strike 1-2: Ball 2-2: Ball 3-2: Base on Balls
|
Batting: RHB Matt Cone
|
0-0: Called Strike 0-1: Foul Ball, location: 2F 0-2: Foul Ball, location: 2F 0-2: Ball 1-2: Ball 2-2: Fielders Choice at 2nd, 6-4 (Groundball, 6, EV 85.6 MPH)
|
Batting: RHB Ryan Rinaldi
|
0-0: Ball Matt Cone steals 2nd base 1-0: Swinging Strike 1-1: Called Strike 1-2: Strikes out swinging
|
Bottom of the 4th over - 0 runs, 0 hits, 0 errors, 1 left on base; Auburn 1 - Boise 0 |
TOP OF THE 5TH |
Auburn Doubledays batting - Pitching for Boise Hawks : RHP Joe Goodale
|
Batting: RHB Ryan Hiemer
|
0-0: Swinging Strike 0-1: Ball 1-1: Called Strike 1-2: Ball 2-2: Strikes out swinging
|
Batting: SHB Dan Castaneda
|
0-0: Foul Ball, location: 2F 0-1: Swinging Strike 0-2: Ball 1-2: Ball 2-2: Foul Ball, location: 2F 2-2: Foul Ball, location: 2F 2-2: Foul Ball, location: 2F 2-2: Foul Ball, location: 2F 2-2: SINGLE (Groundball, 6MD, EV 107.5 MPH)
|
Pitching: RHP Jim Butler
|
|
Batting: LHB Elias Posada
|
0-0: Called Strike Dan Castaneda steals 2nd base 0-1: Ball 1-1: Foul Ball, location: 2F 1-2: Strikes out swinging
|
Batting: SHB Gabe Fraunfelder
|
0-0: Ball 1-0: Ball 2-0: Ball 3-0: Base on Balls
|
Batting: RHB Slavik Nebrodov
|
0-0: Fly out, F8 (Line Drive, 8RM, EV 103.1 MPH)
|
Top of the 5th over - 0 runs, 1 hit, 0 errors, 2 left on base; Auburn 1 - Boise 0 |
BOTTOM OF THE 5TH |
Boise Hawks batting - Pitching for Auburn Doubledays : RHP Chris Bonham
|
Batting: LHB Zack Guillen
|
0-0: Called Strike 0-1: Ball 1-1: Ball 2-1: Swinging Strike 2-2: Fly out, F7 (Line Drive, 7, EV 96.9 MPH)
|
Pitching: LHP Juan Bonet
|
|
Batting: LHB Bill McGregor
|
0-0: Called Strike 0-1: Ball 1-1: Fly out, F7 (Flyball, 78D, EV 108.1 MPH)
|
Batting: RHB Henry Alvizo
|
0-0: Foul Ball, location: 2F 0-1: Foul Ball, location: 2F 0-2: Ball 1-2: Ball 2-2: Ball 3-2: Foul Ball, location: 2F 3-2: SINGLE (Flyball, 89S, EV 96.9 MPH)
|
Batting: LHB Glenn Lowther
|
0-0: Ball 1-0: Ball 2-0: Ball 3-0: Called Strike 3-1: Base on Balls Henry Alvizo to second
|
Batting: RHB John Boyer
|
0-0: Ball 1-0: Fly out, F8 (Line Drive, 8LD, EV 94.4 MPH)
|
Bottom of the 5th over - 0 runs, 1 hit, 0 errors, 2 left on base; Auburn 1 - Boise 0 |
TOP OF THE 6TH |
Auburn Doubledays batting - Pitching for Boise Hawks : RHP Jim Butler
|
Batting: LHB Mike Condon
|
0-0: Ball 1-0: DOUBLE (Line Drive, 7LS, EV 101.2 MPH)
|
Batting: RHB Bryan Ernst
|
0-0: Foul Ball, location: 2F 0-1: Called Strike 0-2: Ball 1-2: Foul Ball, location: 2F 1-2: Strikes out swinging
|
Batting: RHB Jon Hill
|
0-0: Ball 1-0: Foul Ball, location: 2F 1-1: Ball 2-1: Ground out 4-3 (Groundball, 34, EV 101.2 MPH) Mike Condon to third
|
Batting: RHB Isaiah Seme
|
0-0: Ball 1-0: Ground out 6-3 (Groundball, 6, EV 76.9 MPH)
|
Top of the 6th over - 0 runs, 1 hit, 0 errors, 1 left on base; Auburn 1 - Boise 0 |
BOTTOM OF THE 6TH |
Boise Hawks batting - Pitching for Auburn Doubledays : LHP Juan Bonet
|
Batting: LHB Zane Kelton
|
0-0: Ball 1-0: Ball 2-0: SINGLE (Line Drive, 9S, EV 100.6 MPH)
|
Batting: RHB Keith Giarratano
|
0-0: Grounds into double play, 4-6-3 (Groundball, 4, EV 105.6 MPH)
|
Batting: RHB Matt Cone
|
0-0: Ground out 6-3 (Groundball, 56, EV 90.0 MPH)
|
Bottom of the 6th over - 0 runs, 1 hit, 0 errors, 0 left on base; Auburn 1 - Boise 0 |
TOP OF THE 7TH |
Auburn Doubledays batting - Pitching for Boise Hawks : RHP Jim Butler
|
Pitching: LHP Juan Vargas
|
|
Batting: RHB Ryan Hiemer
|
0-0: Called Strike 0-1: Foul Ball, location: 2F 0-2: Ball 1-2: Ball 2-2: Ball 3-2: Strikes out looking
|
Batting: SHB Dan Castaneda
|
0-0: Ball 1-0: Ball 2-0: Called Strike 2-1: Called Strike 2-2: Ball 3-2: Foul Ball, location: 2F 3-2: TRIPLE (Line Drive, 89XD, EV 106.9 MPH)
|
Batting: LHB Elias Posada
|
Squeeze bunt is on, Dan Castaneda is out 0-1: Ball 1-1: Called Strike 1-2: Ball 2-2: Ball 3-2: SINGLE (Groundball, 6M, EV 96.9 MPH)
|
Batting: SHB Gabe Fraunfelder
|
0-0: Fly out, F9 (Flyball, 9D, EV 96.9 MPH)
|
Top of the 7th over - 0 runs, 2 hits, 0 errors, 1 left on base; Auburn 1 - Boise 0 |
BOTTOM OF THE 7TH |
Boise Hawks batting - Pitching for Auburn Doubledays : LHP Juan Bonet
|
Pitching: RHP Luis Galvez
|
|
Batting: RHB Ryan Rinaldi
|
0-0: Called Strike 0-1: Swinging Strike 0-2: Strikes out looking
|
Batting: LHB Zack Guillen
|
0-0: Ball 1-0: Ball 2-0: Foul Ball, location: 2F 2-1: Foul Ball, location: 2F 2-2: TRIPLE (Flyball, 78XD, EV 97.5 MPH)
|
Batting: LHB Bill McGregor
|
0-0: Called Strike 0-1: Foul Ball, location: 2F 0-2: SINGLE (Line Drive, 56D, EV 98.8 MPH) Zack Guillen scores
|
Batting: RHB Henry Alvizo
|
0-0: Ball Bill McGregor is caught stealing 2nd base 2-4 1-0: Ball 2-0: Ball 3-0: Called Strike 3-1: Foul Ball, location: 2F 3-2: Strikes out swinging
|
Bottom of the 7th over - 1 run, 2 hits, 0 errors, 0 left on base; Auburn 1 - Boise 1 |
TOP OF THE 8TH |
Auburn Doubledays batting - Pitching for Boise Hawks : LHP Juan Vargas
|
Pitching: RHP Tye Dickinson
|
|
Batting: RHB Slavik Nebrodov
|
0-0: Ground out 5-3 (Groundball, 5S, EV 68.1 MPH)
|
Batting: LHB Mike Condon
|
0-0: Called Strike 0-1: Ball 1-1: Swinging Strike 1-2: Ball 2-2: Strikes out swinging
|
Batting: RHB Bryan Ernst
|
0-0: Called Strike 0-1: Foul Ball, location: 2F 0-2: Strikes out swinging
|
Top of the 8th over - 0 runs, 0 hits, 0 errors, 0 left on base; Auburn 1 - Boise 1 |
BOTTOM OF THE 8TH |
Boise Hawks batting - Pitching for Auburn Doubledays : RHP Luis Galvez
|
Pitching: RHP Felipe Valencia
|
|
Batting: LHB Glenn Lowther
|
0-0: Ball 1-0: Called Strike 1-1: Swinging Strike 1-2: TRIPLE (Flyball, 78XD, EV 103.1 MPH)
|
Batting: RHB John Boyer
|
0-0: Ground out 5-3 (Groundball, 5, EV 102.5 MPH)
|
Batting: LHB Zane Kelton
|
0-0: Intentional Walk
|
Batting: RHB Keith Giarratano
|
0-0: Called Strike Zane Kelton steals 2nd base 0-1: Ball 1-1: Intentional Walk
|
Batting: RHB Matt Cone
|
0-0: Grounds into fielders choice 6-2 (Groundball, 4M, EV 81.9 MPH) Zane Kelton to third Keith Giarratano to second
|
Batting: RHB Ryan Rinaldi
|
0-0: SINGLE (Line Drive, 9, EV 93.1 MPH) Zane Kelton scores Keith Giarratano to third Matt Cone to second Runner from 3rd tries for Home, SAFE, throw by RF to home
|
Batting: LHB Zack Guillen
|
0-0: Ball 1-0: Fielders Choice at 2nd, 6-4 (Groundball, 6, EV 88.8 MPH)
|
Bottom of the 8th over - 2 runs, 2 hits, 0 errors, 2 left on base; Auburn 1 - Boise 3 |
TOP OF THE 9TH |
Auburn Doubledays batting - Pitching for Boise Hawks : RHP Tye Dickinson
|
Pitching: RHP Mitch Guerrero
|
|
Pinch Hitting: RHB Joe Klein
|
0-0: Ball 1-0: Ball 2-0: Ball 3-0: Base on Balls
|
Batting: RHB Isaiah Seme
|
0-0: Swinging Strike 0-1: Ball 1-1: Foul Ball, location: 2F 1-2: Foul Ball, location: 2F 1-2: Ball 2-2: Fly out, F8 (Line Drive, 8RM, EV 90.0 MPH)
|
Batting: RHB Ryan Hiemer
|
0-0: Ground out 6-3 (Groundball, 56, EV 86.9 MPH) Joe Klein to second
|
Batting: SHB Dan Castaneda
|
0-0: Called Strike 0-1: Ball Wild Pitch! Joe Klein to third 1-1: Foul Ball, location: 2F 1-2: Ball 2-2: Foul Ball, location: 2F 2-2: Strikes out looking
|
Top of the 9th over - 0 runs, 0 hits, 0 errors, 1 left on base; Auburn 1 - Boise 3 |
|